Map: Cyber Forest LE

Players

SouLeer - Winner!

  • Race: Zerg Zerg
  • Spawn Location: 5:00

Sakura

  • Race: Protoss Protoss
  • Spawn Location: 11:00

Event: 2019 WCS Summer

VOD

Have the link to the VOD?

Description

Time

  • Played on: July 12, 2019, 11:16 a.m.
  • Length: 11:40

All games in this series

Show
View Real Time Build Order
Export as new Build Order

SouLeer Zerg - Winner!

Build Orders: Hatch First 

Get SALT Encoding   

  12  0:01  Drone  
  13  0:12  Overlord  
  13  0:17  Drone  
  14  0:30  Drone x2  
  16  0:49  Hatchery  
  15  0:51  Drone  
  15  0:56  Drone  
  17  0:58  Drone  
  18  1:09  Extractor  
  17  1:15  Spawning Pool  
  17  1:17  Drone  
  17  1:20  Drone  
  18  1:28  Drone  
  19  1:39  Drone  
  20  1:50  Overlord  
  20  2:01  Queen x2  
  20  2:02  Zergling x4  
  26  2:09  Metabolic Boost  
  26  2:11  Drone  
  26  2:14  Drone  
  28  2:21  Drone  
  29  2:24  Drone  
  30  2:37  Drone x2  
  30  2:44  Hatchery  
  31  2:45  Drone  
  31  2:50  Overlord  
  32  2:54  Drone  
  33  2:59  Queen  
  33  3:00  Drone  
  36  3:12  Drone x2  
  38  3:15  Drone x2  
  38  3:18  Drone  
  40  3:20  Spore Crawler  
  40  3:22  Drone x2  
  41  3:28  Overlord  
  41  3:31  Drone  
  42  3:38  Drone  
  43  3:44  Overlord  
  43  3:46  Queen  
  43  3:47  Drone  
  43  3:48  Drone  
  47  3:49  Extractor  
  47  3:53  Roach Warren  
  45  3:58  Drone x3  
  48  4:03  Overlord  
  48  4:05  Extractor  
  48  4:08  Overlord  
  47  4:13  Overlord x2  
  47  4:29  Zergling x10  
  52  4:31  Drone  
  52  4:32  Drone x4  
  52  4:35  Roach  
  59  4:39  Roach x2  
  59  4:41  Roach  
  59  4:43  Roach  
  69  4:45  Roach  
  69  4:47  Roach  
  71  4:53  Spine Crawler, Roach  
  71  4:55  Spore Crawler  
  72  5:08  Roach x3  
  72  5:11  Roach x2  
  82  5:16  Roach  
  82  5:19  Roach  
  82  5:20  Roach  
  88  5:22  Overlord  
  88  5:25  Drone  
  89  5:29  Overlord  
  89  5:32  Overlord  
  89  5:34  Roach  
  89  5:40  Overlord  
  89  5:44  Overlord  
  89  5:51  Roach x6  
  102  5:57  Ravager x3  
  102  5:59  Ravager x2  
  102  6:00  Zergling x2  
  102  6:01  Zergling x8  
  111  6:06  Roach x2  
  111  6:08  Roach  
  117  6:15  Roach x2  
  117  6:16  Overlord  
  121  6:23  Overlord  
  121  6:28  Overlord  
  121  6:37  Ravager x2  
  121  6:39  Zergling x14  
  130  6:41  Overlord  
  130  6:43  Overlord  
  130  6:45  Ravager  
  130  6:46  Zergling x6  
  134  6:48  Zergling x2  
  134  6:50  Zergling x2  
  134  6:51  Zergling x2  
  138  6:54  Ravager  
  138  6:56  Zergling x4  
  138  6:57  Zergling x2  
  141  7:04  Zergling x6  
  141  7:07  Ravager  
  141  7:08  Ravager  
  146  7:09  Zergling x2  
  146  7:14  Zergling x4  
  148  7:21  Zergling x2  
  148  7:22  Zergling x8  
  142  7:25  Zergling x6  
  142  7:29  Zergling x4  
  133  7:34  Zergling x4  
  131  7:38  Zergling x2  
  131  7:41  Roach x3  
  138  7:45  Zergling x4  
  138  7:50  Roach  
  136  7:53  Zergling x2  
  136  7:57  Roach  
  116  7:59  Zergling x2  
  116  8:04  Roach x2  
  114  8:08  Ravager x2  
  114  8:10  Zergling x6  
  114  8:12  Zergling x14  
  126  8:13  Ravager x2  
  126  8:19  Roach  
  130  8:22  Roach  
  130  8:25  Roach  
  134  8:30  Roach x4  
  142  8:36  Zergling x4  
  144  8:44  Zergling x8  
  144  8:47  Zergling x2  
  149  8:54  Roach x2  
  153  8:56  Roach  
  153  9:00  Lair  
  153  9:01  Roach x3  
  161  9:05  Overlord x2  
  161  9:09  Ravager  
  162  9:12  Overlord  
  162  9:19  Zergling x4  
  162  9:24  Extractor  
  162  9:26  Roach x2  
  162  9:27  Roach x2  
  162  9:29  Zergling x8  
  171  9:32  Roach  
  173  9:40  Roach x3  
  173  9:45  Roach x2  
  183  9:51  Roach  
  184  10:01  Overlord  
  184  10:06  Overlord  
  181  10:20  Roach  
  181  10:21  Roach x7  
  175  10:24  Roach x3  
  175  10:26  Roach  
  175  10:28  Zergling x2  
  158  10:31  Zergling x4  
  158  10:33  Zergling x2  
  142  10:45  Ravager x4  
  142  10:46  Zergling x2  
  142  10:47  Zergling x10  
  142  10:48  Zergling x2  
  153  10:51  Zergling x4  
  153  10:53  Ravager  
  153  10:54  Ravager  
  157  10:58  Zergling x4  
  157  11:02  Zergling x4  
  159  11:10  Zergling x2  
  153  11:14  Zergling x12  
  153  11:18  Roach x2  
Show
View Real Time Build Order
Export as new Build Order

Sakura Protoss 

Build Orders: 1 Gate Expand, Phoenix Opening 

Get SALT Encoding   

  12  0:00  Probe  
  13  0:13  Probe  
  14  0:18  Pylon  
  14  0:25  Probe  
  15  0:35  Probe  
  15  0:38  Gateway  
  16  0:43  Probe  
  16  0:44  Assimilator  
  17  0:51  Probe  
  18  1:03  Probe  
  19  1:15  Probe  
  20  1:24  Nexus  
  20  1:28  Probe  
  21  1:38  Cybernetics Core  
  21  1:43  Assimilator  
  22  1:47  Probe  
  22  1:54  Pylon  
  22  1:59  Probe  
  23  2:05  Stalker  
  23  2:09  Probe  
  23  2:15  Warp Gate  
  26  2:17  Probe  
  27  2:25  Robotics Facility  
  27  2:29  Probe  
  27  2:33  Probe  
  28  2:40  Sentry  
  28  2:41  Probe  
  28  2:43  Probe  
  33  2:53  Probe x2  
  34  3:04  Immortal  
  34  3:05  Probe x2  
  34  3:11  Gateway  
  36  3:13  Phoenix  
  36  3:16  Sentry  
  36  3:18  Probe  
  43  3:20  Probe  
  43  3:26  Pylon  
  44  3:30  Probe  
  44  3:32  Probe  
  46  3:38  Pylon, Warp Prism  
  46  3:43  Pylon  
  46  3:44  Probe  
  49  3:49  Probe  
  50  3:56  Forge  
  50  3:57  Probe  
  50  4:01  Probe  
  52  4:08  Assimilator  
  52  4:09  Probe  
  53  4:10  Assimilator  
  53  4:12  Stalker  
  53  4:14  Stalker  
  57  4:18  Observer  
  57  4:21  Probe x2  
  60  4:26  Pylon  
  60  4:29  Immortal  
  60  4:33  Probe  
  60  4:35  Sentry  
  67  4:47  Stalker, Protoss Ground Weapons Level 1  
  67  4:52  Gateway  
  69  4:54  Gateway  
  69  4:57  Gateway  
  69  5:01  Immortal  
  69  5:10  Gateway  
  73  5:17  Sentry x2  
  77  5:23  Pylon  
  77  5:24  Pylon  
  76  5:34  Immortal  
  76  5:37  Gateway x2  
  80  5:51  Sentry x3  
  86  5:58  Pylon  
  86  6:01  Pylon  
  86  6:04  Stalker  
  86  6:09  Observer  
  88  6:12  Photon Cannon  
  88  6:15  Sentry  
  91  6:38  Stalker x2  
  91  6:39  Stalker x4  
  103  6:41  Zealot x2  
  107  6:50  Pylon  
  107  6:51  Pylon  
  107  7:02  Stalker  
  109  7:11  Stalker x4  
  109  7:14  Pylon  
  95  7:33  Stalker x6  
  95  7:36  Stalker x2  
  87  8:00  Stalker x3  
  87  8:01  Stalker x5  
  95  8:12  Pylon  
  95  8:22  Sentry x2  
  95  8:23  Zealot x4  
  107  8:28  Sentry  
  107  8:29  Stalker  
  109  8:43  Stalker x3  
  115  8:54  Stalker  
  115  8:55  Stalker  
  119  9:00  Zealot  
  121  9:03  Sentry  
  121  9:04  Zealot  
  121  9:07  Zealot  
  125  9:22  Sentry x2, Zealot x4  
  137  9:28  Pylon  
  137  9:38  Pylon  
  137  9:40  Pylon  
  137  9:51  Sentry x3  
  137  9:52  Zealot x3  
  149  10:19  Stalker x4  
  149  10:20  Zealot x2  
  124  10:30  Stalker x2  
  114  10:40  Stalker, Sentry  
  110  10:44  Sentry  
  110  10:46  Zealot  
  114  10:57  Sentry x2  
  116  10:58  Zealot x2  
  66  11:18  Stalker x3  
  66  11:25  Sentry  
  65  11:31  Stalker  
Tags
 
Add a new tag
Caveats
  • Supply blocks, unpowered buildings, or Contaminate may cause inaccurate times.
  • Supply counts are checked every 10 seconds.